 Dungeon Crawl Stone Soup version 0.30-a0-1163-gf69bf04e7a (webtiles) character file.

Game seed: 14391414036170144115

3941 Pooter the Cleaver (level 10, -2/90 HPs)
             Began as a Minotaur Berserker on Apr 28, 2023.
             Was a Priest of Trog.
             Succumbed to Amaemon's poison
             ... on level 7 of the Dungeon.
             The game lasted 00:35:23 (6830 turns).

Pooter the Cleaver (Minotaur Berserker)             Turns: 6830, Time: 00:35:23

Health: -2/90      AC:  8    Str: 30    XL:     10   Next: 1%
Magic:  9/9        EV: 16    Int:  4    God:    Trog [***...]
Gold:   365        SH:  0    Dex: 12    Spells: 9/9 levels left

rFire   . . .        a - +0 war axe
rCold   . . .        (no shield)
rNeg    . . .        j - +0 scale mail
rPois   .            (helmet restricted)
rElec   .            (no cloak)
rCorr   .            (no gloves)
SInv    .            o - +1 pair of boots
Will    .....        (no amulet)
Stlth   +            g - +6 ring of strength
HPRegen 0.35/turn    q - +5 ring of evasion
MPRegen 0.11/turn

%: no passive effects
@: lethally poisoned (-2 -> -26), on berserk cooldown, slowed, very slow
A: horns 2, retaliatory headbutt
a: Renounce Religion, Berserk, Trog's Hand


You were on level 7 of the Dungeon.
You worshipped Trog.
Trog was most pleased with you.
You visited 1 branch of the dungeon, and saw 8 of its levels.
You also visited: Ossuary.

You collected 365 gold pieces.

Inventory:

Hand Weapons
 a - a +0 war axe (weapon)
   (You found it on level 3 of the Dungeon)
 b - a +0 shortbow
   (You took it off a centaur on level 5 of the Dungeon)
 p - the +4 hammer "Earthworm" {venom, rPois Will- Dex+2}
   (You found it on level 2 of the Dungeon)

   Dex:       It affects your dexterity (+2).
   rPois:     It protects you from poison.
   Will:      It decreases your willpower.
 G - a +2 flail of protection
   (You found it on level 6 of the Dungeon)
 M - a +2 trident of protection
   (You took it off a gnoll sergeant on level 7 of the Dungeon)
 N - a +1 demon whip of venom
   (You took it off Amaemon on level 7 of the Dungeon)
Missiles
 B - a boomerang
 E - 13 poisoned darts (quivered)
 H - 2 silver boomerangs
 Q - 81 stones
Armour
 j - a +0 scale mail (worn)
   (You took it off Terence on level 2 of the Dungeon)
 o - a +1 pair of boots (worn)
   (You found it on level 2 of the Dungeon)
Jewellery
 g - a +6 ring of strength (left hand)
   (You found it on level 4 of the Dungeon)
 q - a +5 ring of evasion (right hand)
   (You found it on level 3 of the Dungeon)
 I - a ring of protection from cold
   (You found it on level 2 of the Dungeon)
Wands
 f - a wand of flame (25)
   (You took it off Sigmund on level 6 of the Dungeon)
 r - a wand of polymorph (7)
   (You took it off Ijyb on level 3 of the Dungeon)
 v - a wand of light (12)
   (You took it off Pikel on level 7 of the Dungeon)
 L - a wand of roots (1)
   (You found it on level 7 of the Dungeon)
Scrolls
 c - a scroll of silence
 d - 4 scrolls of immolation {!r}
 e - 3 scrolls of enchant armour
 h - a scroll of fog {unknown}
 t - a scroll of enchant weapon {unknown}
 y - 5 scrolls of teleportation {unknown}
 D - 2 scrolls of magic mapping
 F - 3 scrolls of poison {!r}
 J - a scroll of fear {unknown}
Potions
 i - a potion of flight {unknown}
 k - 5 potions of haste {@q3}
 l - a potion of lignification {unknown}
 m - a potion of magic {unknown}
 n - a potion of ambrosia {unknown}
 s - a potion of brilliance {unknown}
 u - 2 potions of might {unknown}
 w - a potion of heal wounds {unknown}
 x - 2 potions of invisibility
 z - 2 potions of resistance {unknown}
 A - 2 potions of curing {unknown}
 C - 2 potions of mutation {unknown}
 K - a potion of attraction {unknown}


   Skills:
 + Level 8.5 Fighting
 * Level 11.5 Axes
 * Level 9.4 Ranged Weapons
 - Level 2.4 Armour
 - Level 2.1 Dodging
 - Level 2.3 Stealth


You had 9 spell levels left.
You didn't know any spells.
Your spell library was empty.

Dungeon Overview and Level Annotations

Branches:
Dungeon (8/15)             Temple (0/1) D:7         Ossuary (visited)
   Lair: D:8-11

Altars:
Dithmenos
Gozag
Okawaru
Xom
The Shining One

Annotations:
D:2 1 runed translucent door, Crazy Yiuf


Innate Abilities, Weirdness & Mutations

You have a pair of horns on your head.
You reflexively headbutt those who attack you in melee.


Message History

Amaemon hits you with a +1 demon whip of venom!
You are poisoned.
Amaemon closely misses you.
Amaemon tail-slaps you but does no damage.
You slice Amaemon!!
You feel sick.
You hit Amaemon.
You feel sick.
Amaemon hits you with a +1 demon whip of venom!
Amaemon claws you.
* * * LOW HITPOINT WARNING * * *
Amaemon closely misses you.
You completely miss Amaemon.
You feel sick.
Amaemon says, "Need some antivenom?
Don't worry, you can trust me."
Amaemon hits you with a +1 demon whip of venom!
* * * LOW HITPOINT WARNING * * *
You are more poisoned.
Amaemon misses you. Amaemon completely misses you.
You slice Amaemon!!
You feel very sick.
You barely miss Amaemon.
You feel very sick.
Amaemon hits you with a +1 demon whip of venom!
* * * LOW HITPOINT WARNING * * *
You are more poisoned.
Amaemon misses you. x2
You slash Amaemon! You headbutt Amaemon!!
* * * LOW HITPOINT WARNING * * *
You feel very sick. Amaemon misses you. Amaemon claws you but does no damage.
Amaemon tail-slaps you.
* * * LOW HITPOINT WARNING * * *
You completely miss Amaemon. You headbutt Amaemon!
You kill Amaemon!
Trog accepts your kill.
Trog appreciates your killing of a magic user.
* * * LOW HITPOINT WARNING * * *
You feel very sick.
You have reached level 10!
You are too berserk!
* * * LOW HITPOINT WARNING * * *
You feel very sick.
Things that are here:
a +1 demon whip of venom; the demonspawn corpse of Amaemon
N - a +1 demon whip of venom You feel a strong urge to attack something.
* * * LOW HITPOINT WARNING * * *
You feel very sick.
You are no longer berserk.
You are exhausted.
You feel yourself slow down.
You die...

#.#.....#..#.#######.###.##
#.#.#........#........##.# ##
#.#####.#......#####..##.# .#
#....#.......#.# #..##.# .#
####.####..#....#.# #..##.#
.# #.....#
#..#..#########..##.# .#
#.....# #..#>.........#..##.#
.#
#.....###..#.†#######.#..##.#
.# ####.#.....#.@#
#.#....##.# .#
#.#.###)#..#####.####.##.#
.####
#.#.##.)).....[..........#
....#
#.#.##.)####.#.#.####.####
###.###.#..#.).........)....#
..#.#...........)....#.######
#.#.#..........##..#.#.#
..#.#..............#.#.#
###.#.......#..###.#.#.#


There were no monsters in sight!

Vanquished Creatures
  Amaemon (D:7)
  Pikel (D:7)
  Grinder (D:5)
  Prince Ribbit (D:6)
  Sigmund (D:6)
  Eustachio (D:5)
  A water moccasin (D:7)
  The ghost of TheSexyCheese the Firebug, an amateur OgFE (D:3)
  An ice beast (D:5)
  2 ogres (D:7)
  A wolf (D:5)
  A centaur (D:5)
  4 lemures (D:7)
  2 kobold brigands
  A phantom (D:5)
  An elf zombie (Ossuary)
  2 bullfrogs
  8 scorpions
  A gnoll sergeant (D:7)
  A jelly (D:6)
  2 hounds (D:6)
  A human zombie (Ossuary)
  2 orc priests (D:7)
  A sleepcap (D:6)
  Ijyb (D:3)
  Terence (D:2)
  An iguana (D:7)
  5 orc wizards
  4 mummies (Ossuary)
  9 gnolls
  7 adders
  A shadow imp (D:6)
  An adder zombie (Ossuary)
  3 worms
  4 dart slugs (D:2)
  19 orcs
  6 bats
  5 endoplasms
  2 giant cockroaches (D:2)
  4 gnoll zombies (Ossuary)
  7 hobgoblins
  2 jackals (D:2)
  4 quokkas
  5 ball pythons
  A frilled lizard (D:2)
  5 goblins
  3 goblin zombies
  A hobgoblin zombie (Ossuary)
  17 kobolds
  A kobold zombie (Ossuary)
  An orc zombie (Ossuary)
  3 rats
  A rat zombie (D:4)
163 creatures vanquished.

Notes
Turn   | Place    | Note
-------+----------+-------------------------------------------
     0 | D:1      | Pooter the Minotaur Berserker began the quest for the Orb.
     0 | D:1      | Reached XP level 1. HP: 19/19 MP: 0/0
   740 | D:2      | Reached skill level 4 in Axes
   740 | D:2      | Reached skill level 1 in Stealth
   740 | D:2      | Reached XP level 2. HP: 27/27 MP: 1/1
   921 | D:2      | Noticed Terence
   929 | D:2      | Killed Terence
   930 | D:2      | Reached XP level 3. HP: 33/33 MP: 2/2
  1167 | D:2      | Reached XP level 4. HP: 40/40 MP: 3/3
  1468 | D:2      | Reached skill level 5 in Axes
  1670 | D:2      | Reached ** piety under Trog
  1985 | D:2      | Identified the +4 hammer "Earthworm" {venom, rPois Will-
                  | Dex+2}
  1989 | D:2      | Found a runed translucent door.
  1990 | D:2      | Noticed Crazy Yiuf
  2069 | D:3      | Noticed Ijyb
  2078 | D:3      | Killed Ijyb
  2079 | D:3      | Reached skill level 1 in Ranged Weapons
  2079 | D:3      | Reached XP level 5. HP: 47/47 MP: 4/4
  2281 | D:3      | Found an iron altar of Okawaru.
  2372 | D:3      | Found a runed translucent door.
  2375 | D:3      | Noticed TheSexyCheese's ghost (amateur OgFE)
  2386 | D:3      | Reached XP level 6. HP: 55/55 MP: 5/5
  2391 | D:3      | Killed TheSexyCheese's ghost
  2392 | D:3      | Reached skill level 5 in Fighting
  2392 | D:3      | Reached skill level 6 in Axes
  2446 | D:3      | Found a runed translucent door.
  2926 | D:4      | You fall into a shaft and drop 2 floors!
  2926 | D:6      | Found a glowing golden altar of the Shining One.
  2967 | D:6      | Reached XP level 7. HP: 61/61 MP: 6/6
  3031 | D:6      | Reached skill level 7 in Axes
  3062 | D:5      | Entered Level 5 of the Dungeon
  3098 | D:5      | Noticed Duvessa
  3098 | D:5      | Noticed Dowan
  3100 | D:5      | Duvessa changed into Duvessa the scorpion
  3100 | D:5      | Noticed Duvessa
  3101 | D:5      | Dowan changed into Dowan the wolf
  3101 | D:5      | Noticed Dowan
  3106 | D:5      | Killed Duvessa the scorpion
  3110 | D:5      | Killed Dowan the wolf
  3185 | D:4      | Found a sand-covered staircase.
  3192 | Ossuary  | Entered an ossuary
  3210 | Ossuary  | Reached skill level 5 in Ranged Weapons
  3267 | Ossuary  | Reached *** piety under Trog
  3477 | D:4      | Reached XP level 8. HP: 70/70 MP: 7/7
  4082 | D:5      | Reached skill level 8 in Axes
  4184 | D:5      | Found a shadowy altar of Dithmenos.
  4187 | D:5      | Found an opulent altar of Gozag.
  4210 | D:5      | Noticed Eustachio
  4221 | D:5      | Killed Eustachio
  4380 | D:5      | Noticed Grinder
  4387 | D:5      | Killed Grinder
  4388 | D:5      | Reached skill level 9 in Axes
  4826 | D:6      | Noticed Prince Ribbit
  4888 | D:6      | Killed Prince Ribbit
  4889 | D:6      | Reached XP level 9. HP: 79/79 MP: 8/8
  5011 | D:6      | Found a shimmering altar of Xom.
  5012 | D:6      | Found a shimmering altar of Xom.
  5024 | D:6      | Noticed Edmund
  5026 | D:6      | Edmund changed into Edmund the scorpion
  5026 | D:6      | Noticed Edmund
  5029 | D:6      | Killed Edmund the scorpion
  5297 | D:6      | Noticed Sigmund
  5302 | D:6      | Killed Sigmund
  5303 | D:6      | Reached skill level 10 in Axes
  5941 | D:7      | Noticed Pikel
  5963 | D:7      | Killed Pikel
  6161 | D:7      | Reached skill level 11 in Axes
  6264 | D:7      | Found a staircase to the Ecumenical Temple.
  6813 | D:8      | Noticed Amaemon
  6813 | D:8      | Noticed an orange demon
  6827 | D:7      | Killed Amaemon
  6828 | D:7      | Reached XP level 10. HP: 11/90 MP: 9/9
  6828 | D:7      | HP: 6/135 [poisoned by Amaemon]
  6829 | D:7      | HP: 2/135 [poisoned by Amaemon]
  6830 | D:7      | Succumbed to Amaemon's poison

Illustrated notes

Levels and vault maps discovered:
D:1:      lightli_arrival_quake, layout_loops_ring
D:2:      minmay_skewed_foursquare, layout_basic, kennysheep_generic_room_5,
          uniq_terence, uniq_crazy_yiuf_cottage
D:3:      layout_loops_ring, okawaru_ov_weapons_minmay, ebering_ghost_sewer_f,
          kennysheep_decorative_pillar, uniq_ijyb
D:4:      layout_basic, enter_ossuary_4
D:5:      layout_loops_ring, nicolae_overflow_squiral,
          nicolae_nh_ransacked_shop, uniq_grinder, uniq_eustachio, uniq_duvessa
D:6:      layout_loops_ring, xom_redecorated, mainiacjoe_overflow_catwalk,
          nicolae_concentric_dashed_squares_mild, uniq_edmund, uniq_sigmund,
          uniq_prince_ribbit1
D:7:      layout_basic, minmay_temple_entry_purple_smoke, uniq_pikel
D:8:      layout_rooms, lemuel_doored_altar, enter_bailey_3, special_room
          [special_room_orc], serial_shops, shop, uniq_amaemon

Skill      XL: |  1  2  3  4  5  6  7  8  9 |
---------------+----------------------------+-----
Axes           | 4 5 6 7 9 11 | 11.5
Stealth        | 1 2 |  2.3
Fighting       | 4 5 6 7 8 |  8.5
Ranged Weapons | 1 2 3 5 7 9 |  9.4
Armour         | |  2.4
Dodging        | |  2.1

Action                     |  1- 3 |  4- 6 |  7- 9 | 10-12 || total
---------------------------+-------+-------+-------+-------++-------
  Melee: Hand axe          |    36 |     1 |       |       ||    37
         Headbutt          |     7 |    13 |    29 |       ||    49
         Flail             |       |    36 |       |       ||    36
         Mace              |       |    33 |       |       ||    33
         War axe           |       |    26 |   187 |       ||   213
         Punch             |       |       |     1 |       ||     1
   Fire: Sling             |       |    23 |    23 |       ||    46
         Shortbow          |       |       |     5 |       ||     5
  Throw: Boomerang         |     4 |       |     4 |       ||     8
         Dart              |       |       |    13 |       ||    13
 Invoke: Berserk           |     3 |     3 |    10 |       ||    16
         Trog's Hand       |       |     4 |     7 |       ||    11
  Evoke: Wand              |       |       |     6 |       ||     6
    Use: Scroll            |       |     3 |     6 |       ||     9
 Armour: Ring mail         |     7 |       |       |       ||     7
         Animal skin       |     1 |       |       |       ||     1
         Scale mail        |     4 |    34 |    55 |       ||    93
  Dodge: Dodged            |    27 |    56 |   134 |       ||   217

Table legend: (Time is in decaauts)
 A = Elapsed time spent in this place.
 B = Non-inter-level travel time spent in this place.
 C = Inter-level travel time spent in this place.
 D = Time resting spent in this place.
 E = Time spent auto-exploring this place.
 F = Levels seen in this place.
 G = Mean time per level.
                   A        B        C        D        E       F      G
               +--------+--------+--------+--------+--------+-----+--------+
         Total |   7008 |   6823 |    185 |    891 |   4569 |   9 |  778.7 |
       Dungeon |   6770 |   6585 |    185 |    878 |   4421 |   8 |  846.2 |
       Ossuary |    237 |    237 |      0 |     13 |    148 |   1 |  237.0 |
               +--------+--------+--------+--------+--------+-----+--------+

Top non-repeatable levels by time:
     D:2: 1349 daAuts
     D:7: 1245 daAuts
     D:4: 932 daAuts
     D:5: 919 daAuts
     D:6: 876 daAuts
     D:3: 721 daAuts
     D:1: 718 daAuts
 Ossuary: 237 daAuts
     D:8: 7 daAuts
